[Event "Early-Titled-Tuesday-Blitz-March-26-2024"]
[Site "Chess.com"]
[Date "2024.03.26"]
[Round "8"]
[White "Titus369"]
[Black "MaxLeto"]
[Result "1-0"]
[WhiteElo "2631"]
[BlackElo "2485"]
[TimeControl "180+1"]
[EndTime "9:26:04 PDT"]
[Termination "Titus369 won on time"]

1. e4 c5 2. Nf3 d6 3. d4 cxd4 4.
Nxd4 Nf6 5. Nc3 a6 6. h3 e6 7. g4 Nfd7 8. Bg2 Qc7 9. O-O Be7 10. a4 Nc6 11. Nde2 b6 12. f4 Bb7 13. Be3 O-O 14. Ng3 Rfe8 15. Nce2 Rac8 16. b3 Nb4 17. c3 Nc6 18. g5 Bf8 19. h4 d5 20. exd5 exd5 21. Qd2 Na5 22. Rab1 Nc5 23. Nd4 Ncxb3 24. Qf2 Nc4 25. Rxb3 Nxe3 26. Rfb1 Nc4 27. h5 Bd6 28. Rf1 Ne3 29. Ngf5 Nxf1 30. Nxd6 Qxd6 31. Bxf1 Re4 32. Nf5 Qd7 33. Bh3 Qxa4 34. Qxb6 Re1+ 35. Kf2 Rce8 36. Qd4 Qxd4+ 37. Nxd4 Bc8 38. Bxc8 Rxc8 39. Kxe1 a5 40. Kd2 h6 41. gxh6 gxh6 42. Rb5 a4 43. Ra5 Rc4 44. Kd3 Kg7 45. Ra6 Kh7 46. Kd2 Kg8 47.
Kc2 Kh7 48. Kd3 Kg8 49. f5 Kh7 50. Ra7 Kg7 51. Ra6 Kh7 52. f6 Kg8 53. Ra7 1-0

[Event "Early-Titled-Tuesday-Blitz-March-26-2024"]
[Site "Chess.com"]
[Date "2024.03.26"]
[Round "8"]
[White "SashaKuzhilniy"]
[Black "scarabee43"]
[Result "1-0"]
[WhiteElo "2633"]
[BlackElo "2836"]
[TimeControl "180+1"]
[EndTime "9:26:05 PDT"]
[Termination "SashaKuzhilniy won by checkmate"]

1. c4 Nf6 2. g3 e6 3. Bg2 d5 4.
Nf3 Be7 5. O-O O-O 6. d4 Nbd7 7. Qc2 b6 8. cxd5 exd5 9. Nc3 Bb7 10. b3 Re8 11.
Bb2 a6 12. Rac1 Bd6 13. Rfd1 h6 14. e3 Qe7 15. Ne2 Ne4 16. Nf4 a5 17. Nd3 f6 18.
Bh3 Nf8 19. Nh4 Bc8 20. Bxc8 Raxc8 21. Nf5 Qd7 22. Nxd6 Nxd6 23. Qc6 Qf5 24. Nf4 Ne6 25. Qxd5 Kh7 26. Qxf5+ Nxf5 27. Nxe6 Rxe6 28. Rc2 c6 29. Rdc1 Ne7 30. Bc3 Nd5 31. Bd2 f5 32. Kf1 g5 33.
Ke2 Kg6 34. Kd3 g4 35. h3 h5 36. hxg4 hxg4 37. Rh1 Nf6 38. a4 Ne4 39. Be1 c5 40. Rc4 Rd8 41. Rh2 cxd4 42. Rxd4 Nc5+ 43. Kc3 Rc8 44. Rc4 Ne4+ 45. Kb2 Rxc4 46. bxc4 Rd6 47. Bc3 Rc6 48. Kb3 Nc5+ 49. Ka3 Ne4 50. Kb3 Nd6 51. Rh8 Nxc4 52. Rg8+ Kf7 53. Rg5 Rc5 54. Bd4 Nd2+ 55. Kb2 Rd5 56. Rg7+ Kf8 57. Rb7 Ne4 58. Rxb6 Nxf2 59.
Kb3 Ne4 60. Kc4 Rd7 61. Be5 Rd2 62. Bf4 Ra2 63. Kb3 Ra1 64. Rb5 Nd2+ 65. Kc3 Nf3 66. Rxf5+ Ke7 67. Rxa5 Rc1+ 68. Kd3 Ke6 69. Ke4 Rc4+ 70.
Kd3 Rb4 71. Ra6+ Kd5 72. e4+ Kc5 73. Bd6# 1-0

[Event "Early-Titled-Tuesday-Blitz-March-26-2024"]
[Site "Chess.com"]
[Date "2024.03.26"]
[Round "8"]
[White "ragnaroek66"]
[Black "Shiner22"]
[Result "1/2-1/2"]
[WhiteElo "2497"]
[BlackElo "2307"]
[TimeControl "180+1"]
[EndTime "9:26:05 PDT"]
[Termination "Game drawn - timeout vs insufficient material"]

1. d4 Nf6 2. c4 e6 3. Nf3 b6 4. g3 Bb7 5. Bg2 Be7 6. O-O O-O 7. Nc3 Ne4 8. Bd2 f5 9. Ne5 Nxc3 10. Bxc3 Bxg2 11.
Kxg2 d6 12. Nd3 Nd7 13. Nf4 Rf6 14. d5 e5 15. Ne6 Qc8 16. f4 g6 17. e4 Qb7 18. exf5 gxf5 19. Kg1 c6 20. fxe5 dxe5 21.
Rxf5 cxd5 22. cxd5 Rxf5 23. Qg4+ Rg5 24. Nxg5 Bc5+ 25.
Kg2 Qxd5+ 26. Ne4+ Kh8 27. Rd1 Bd4 28. Qf5 Rf8 29.
Rxd4 Qxd4 30. Qxf8+ Nxf8 31. Bxd4 exd4 32. Kf3 Ne6 33.
Nd6 Nc5 34. Nc8 Nd3 35. Ke4 Nxb2 36. Kxd4 Kg7 37. Nxa7 Kg6 38. Nc8 Na4 39. Kc4 Kg5 40. h3 h5 41. a3 Kf5 42. Kb4 Nc5 43. Nxb6 Ne4 44. a4 Nxg3 45. a5 Ne2 46. a6 Nd4 47. Kc5 Ne6+ 48. Kc6 Nd4+ 49. Kc5 Ne6+ 50. Kd5 Nc7+ 51.
Kc6 Nxa6 52. Nc4 Kf4 53. h4 Nb4+ 54. Kd6 Nd3 55. Ke6 Nf2 56. Kf6 Kg4 57. Ne3+ Kxh4 58. Kg6 1/2-1/2

[Event "Early-Titled-Tuesday-Blitz-March-26-2024"]
[Site "Chess.com"]
[Date "2024.03.26"]
[Round "8"]
[White "SpeedofLight0"]
[Black "Kirill_Klukin"]
[Result "1-0"]
[WhiteElo "3064"]
[BlackElo "2833"]
[TimeControl "180+1"]
[EndTime "9:26:06 PDT"]
[Termination "SpeedofLight0 won on time"]

1. d4 e6 2. Nc3 d5 3. Bf4 a6 4. e3 Nf6 5. Nf3 c5 6. Bd3 b5 7. O-O Bb7 8. Bg5 Nbd7 9. dxc5 Nxc5 10. a4 b4 11. Ne2 Be7 12. Ne5 O-O 13. Nd4 Nfe4 14. Nec6 Bxg5 15. Nxd8 Rfxd8 16. Qe2 Bf6 17. Rfd1 Nd6 18. Qh5 g6 19. Qf3 Bg7 20. Qh3 Rac8 21. Rac1 e5 22. Nb3 e4 23. Nxc5 Rxc5 24. Bf1 Bxb2 25.
Qh4 Rcc8 26. Rb1 Nf5 27. Qg5 h6 28. Qf4 Bc3 29. g4 Nh4 30. Qxh6 Nf3+ 31. Kg2 Bg7 32. Qh3 a5 33. Be2 d4 34. Qg3 Be5 35. Qh3 Rxc2 36.
Bxf3 exf3+ 37. Kg1 Kg7 38. exd4 Rxd4 39. g5 Bc8 40.
Qh6+ Kg8 41. Rxd4 Bxd4 42. Rd1 Bxf2+ 43. Kh1 Bb6 44. Qh4 f2 45. Qe4 Rc7 46. Qe8+ Kh7 47.
Kg2 Bg4 48. Rd8 Bh3+ 49. Kg3 Rc3+ 50. Kh4 Rc4+ 51. Kg3 Bc7+ 52. Rd6 1-0

[Event "Early-Titled-Tuesday-Blitz-March-26-2024"]
[Site "Chess.com"]
[Date "2024.03.26"]
[Round "8"]
[White "Adar_07"]
[Black "chess_blitz00"]
[Result "0-1"]
[WhiteElo "2781"]
[BlackElo "2583"]
[TimeControl "180+1"]
[EndTime "9:26:07 PDT"]
[Termination "chess_blitz00 won by resignation"]

1. d4 d6 2. e4 Nf6 3. Nc3 e5 4.
dxe5 dxe5 5. Qxd8+ Kxd8 6. Bg5 c6 7. f4 Nd7 8. Nf3 h6 9. Bxf6+ gxf6 10. f5 Bc5 11.
Bc4 Ke7 12. Rd1 a5 13. a4 Nb6 14. Bb3 Bd7 15. Ke2 Rad8 16. Rd3 Bc8 17. Rhd1 Rxd3 18. Rxd3 Rd8 19. Rxd8 Kxd8 20. Bxf7 Bb4 21. Bb3 Bxc3 22.
bxc3 c5 23. h4 Bd7 24. g4 Bxa4 25. g5 hxg5 26. hxg5 Ke7 27. Be6 Bb5+ 28. Kf2 Bc4 29. g6 Bxe6 30. fxe6 Kxe6 31. Kg3 a4 32. Nd2 a3 33. Nb3 Nd7 34. c4 Ke7 35. Kg4 Kf8 36. Kf5 Kg7 37. Ke6 Nb6 38. Nxc5 a2 39. Nb3 Nxc4 40.
Kd7 b5 41. Na1 b4 42. Kc6 Nd2 43. Kb5 Nxe4 44. Kxb4 f5 45. Kc4 f4 46. Kd3 Nd6 47. c4 Kxg6 48. c5 Nc8 49. Nb3 Kf5 50. c6 e4+ 51.
Kd4 f3 52. Ke3 Ke5 53. Na1 Kd5 54. Nc2 Kc4 55. Kxe4 f2 56. Ne3+ Kb5 57. Nd1 f1=Q 58. Nc3+ Kb6 59. Nxa2 Qc4+ 60. Ke3 Qxa2 0-1

[Event "Early-Titled-Tuesday-Blitz-March-26-2024"]
[Site "Chess.com"]
[Date "2024.03.26"]
[Round "8"]
[White "LeRoidesChampions"]
[Black "Happy1712Drummer"]
[Result "0-1"]
[WhiteElo "2654"]
[BlackElo "2462"]
[TimeControl "180+1"]
[EndTime "9:26:08 PDT"]
[Termination "Happy1712Drummer won by checkmate"]

1. e4 c5 2. Nf3 e6 3. d4 cxd4 4. Nxd4 Nf6 5. Nc3 Nc6 6. Ndb5 Bc5 7. Nd6+ Ke7 8. Bf4 e5 9. Nf5+ Kf8 10. Bg5 d6 11.
Ne3 Be6 12. Bd3 h6 13. Bxf6 Qxf6 14. O-O Qg5 15. Ncd5 g6 16. c3 Kg7 17. b4 Bxe3 18.
Nxe3 Rac8 19. Rc1 Ne7 20. Qd2 Rhd8 21. c4 Nc6 22. Qb2 Kh7 23. Kh1 Nd4 24. c5 dxc5 25. Rxc5 Rxc5 26. bxc5 Nf3 27. gxf3 Rxd3 28. Qxb7 Qf4 29.
Qb1 Qxf3+ 30. Kg1 Rd4 31. c6 Bh3 32. c7 Rxe4 33. c8=Q Bxc8 34. Rc1 Bh3 35. Qb7 Rg4+ 36. Nxg4 Qxb7 37. Ne3 Qf3 38. a4 h5 39. a5 f5 40. a6 f4 41. Rc7+ Kh6 42. Nf5+ Bxf5 43.
h4 Qd1+ 44. Kh2 Qg4 45. f3 Qxh4+ 46. Kg1 Qg3+ 47. Kh1 Qxf3+ 48. Kg1 Kg5 49. Rc2 Qe3+ 50. Rf2 h4 51. Kg2 Be4+ 52. Kg1 h3 53. Kf1 Bd3+ 54. Kg1 h2+ 55. Kh1 Qe1+ 56. Kg2 Be4+ 57. Rf3 Bxf3+ 58. Kh3 Qg3# 0-1

[Event "Early-Titled-Tuesday-Blitz-March-26-2024"]
[Site "Chess.com"]
[Date "2024.03.26"]
[Round "8"]
[White "CURRUTACO59"]
[Black "SaiAgni_98"]
[Result "0-1"]
[WhiteElo "2278"]
[BlackElo "2495"]
[TimeControl "180+1"]
[EndTime "9:26:09 PDT"]
[Termination "SaiAgni_98 won on time"]

1. Nf3 Nf6 2. d4 d5 3. c4 c6 4. e3 e6 5. Nbd2 Nbd7 6. Bd3 Bd6 7. O-O O-O 8. e4 dxe4 9. Nxe4 Nxe4 10. Bxe4 Nf6 11. Bc2 h6 12. Qe2 b6 13. b3 Bb7 14.
Bb2 Qe7 15. Rad1 Rad8 16. Rfe1 Bb4 17. Rf1 Rfe8 18. Ne5 Bd6 19. f4 c5 20. dxc5 Bxc5+ 21. Kh1 Rxd1 22. Rxd1 Rd8 23. Rxd8+ Qxd8 24. h3 Qd6 25.
Kh2 Bd4 26. Bc1 Qc5 27. Nd3 Qd6 28. b4 g6 29. a3 Kg7 30. Ne5 h5 31. Nf3 a5 32.
Nxd4 Qxd4 33. Be3 Qd6 34. c5 bxc5 35. bxc5 Qd5 36. Qd2 Bc6 37. Qxd5 Nxd5 38. Bd2 a4 39. Kg3 Kf8 40. Kf2 Ke7 41. g4 hxg4 42. hxg4 f5 43. g5 Kd7 44. Bd3 Nc7 45. Bc4 Bd5 46. Bd3 Bb3 47. Bc3 Kc6 48. Bd4 Nd5 49. Kf3 Bd1+ 50.
Kg3 Nc7 51. Bc4 Bb3 52. Bd3 Nb5 0-1

[Event "Early-Titled-Tuesday-Blitz-March-26-2024"]
[Site "Chess.com"]
[Date "2024.03.26"]
[Round "8"]
[White "Gurvich_Vitaly"]
[Black "Chessmissile07"]
[Result "1-0"]
[WhiteElo "2732"]
[BlackElo "2902"]
[TimeControl "180+1"]
[EndTime "9:26:10 PDT"]
[Termination "Gurvich_Vitaly won by checkmate"]

1. e4 a6 2. d4 e6 3. Bd3 d5 4. Nd2 c5 5. dxc5 Bxc5 6. Ngf3 Nc6 7. Qe2 Nge7 8. a3 O-O 9. O-O Ng6 10. Nb3 Bd6 11. Rd1 Nf4 12. Bxf4 Bxf4 13. exd5 exd5 14. c4 Bg4 15. cxd5 Re8 16. Bxh7+ Kh8 17. Qd3 Ne5 18.
Nxe5 Rxe5 19. Be4 Bxd1 20. Rxd1 Bxh2+ 21. Kf1 Qh4 22. Bf3 Rd8 23. g3 Qh3+ 24. Bg2 Rexd5 25. Qxd5 Rxd5 26. Rxd5 Qe6 27. Nd4 Qg6 28. Bf3 Qb1+ 29. Kg2 Bg1 30. Ne2 Bxf2 31. Kxf2 Qxb2 32. Rd7 b5 33. Rxf7 Qxa3 34. Rb7 Qc5+ 35. Kg2 Qc4 36. Nf4 Qc2+ 37. Kh3 Qf5+ 38. Bg4 Qb1 39. Rb8+ Kh7 40. Bh5 Qh1+ 41. Kg4 Qd1+ 42. Kh4 Qh1+ 43. Kg5 g6 44.
Bxg6+ Kg7 45. Rc8 Qc1 46. Rxc1 Kf8 47. Rd1 Ke7 48. Re1+ Kd6 49. g4 Kc5 50. Nd3+ Kc4 51. Ne5+ Kb3 52. Bf7+ Ka3 53. Nc6 a5 54. Nxa5 b4 55.
Nc6 Ka4 56. Bb3+ Kxb3 57. Nxb4 Kxb4 58. Kf6 Kc3 59. Rh1 Kd2 60. g5 Ke3 61. g6 Kf4 62. Rh7 Ke4 63. g7 Kf3 64. g8=Q Kf2 65. Qb8 Ke3 66.
Rc7 Ke4 67. Qb5 Kd4 68. Rc4+ Ke3 69. Qb3+ Kd2 70. Rc2+ Kd1 71. Qb1# 1-0

[Event "Early-Titled-Tuesday-Blitz-March-26-2024"]
[Site "Chess.com"]
[Date "2024.03.26"]
[Round "8"]
[White "Binary010"]
[Black "RebelJohnny"]
[Result "0-1"]
[WhiteElo "2783"]
[BlackElo "2585"]
[TimeControl "180+1"]
[EndTime "9:26:11 PDT"]
[Termination "RebelJohnny won by resignation"]

1. e4 c5 2. Nf3 d6 3. d4 cxd4 4. Nxd4 Nf6 5. Nc3 a6 6. Rg1 e5 7.
Nb3 Be6 8. g4 d5 9. exd5 Nxd5 10. Nxd5 Qxd5 11. Qxd5 Bxd5 12. Be3 Nc6 13. O-O-O O-O-O 14. Bb6 Rd6 15. g5 Be7 16. h4 Be6 17. Rxd6 Bxd6 18. Bd3 Nb4 19. Be4 Nxa2+ 20. Kb1 Nb4 21. Rd1 Bc7 22. Bxc7 Kxc7 23. Nc5 Bc8 24. c3 Nc6 25.
Kc2 h6 26. g6 f5 27. Bd5 Rd8 28. Be6 Rxd1 29. Kxd1 Ne7 30. Bxc8 Kxc8 31. h5 f4 32. Ke2 b6 33. Nxa6 Nd5 34. Kf3 Nf6 35. Nb4 Kd7 36. c4 Ke6 37. Nc6 Nxh5 38. b4 Nf6 39. Na7 Kf5 40. c5 e4+ 41. Ke2 bxc5 42. bxc5 Nd5 43.
c6 Ke5 44. Nb5 Ke6 45. Nd4+ Kd6 46. Nf5+ Kxc6 47. Nxg7 Ne7 48. f3 e3 49. Kd3 Nxg6 50.
Nf5 Kd5 51. Nxh6 Ne5+ 52. Ke2 Nc6 53. Nf5 Nd4+ 54. Nxd4 Kxd4 55. Ke1 Kc3 56. Ke2 Kc2 57. Ke1 Kd3 58. Kd1 Kd4 59. Ke2 Ke5 60. Ke1 Kf5 61.
Ke2 Kg5 62. Kf1 Kh4 63. Kg2 e2 64. Kf2 Kh3 65. Kxe2 Kg2 0-1

[Event "Early-Titled-Tuesday-Blitz-March-26-2024"]
[Site "Chess.com"]
[Date "2024.03.26"]
[Round "8"]
[White "LileKoridze"]
[Black "AlexanderKing"]
[Result "1/2-1/2"]
[WhiteElo "2456"]
[BlackElo "2639"]
[TimeControl "180+1"]
[EndTime "9:26:11 PDT"]
[Termination "Game drawn by repetition"]

1. d4 d5 2. c4 e6 3. Nf3 c5 4.
cxd5 exd5 5. Nc3 Nc6 6. g3 Nf6 7. Bg2 Be7 8. O-O O-O 9. Bg5 cxd4 10. Nxd4 h6 11. Bxf6 Bxf6 12. e3 Nxd4 13. exd4 Be6 14. Qd2 Qa5 15. Rfd1 Qd8 16. Rac1 Qd7 17. f4 Rac8 18.
a4 Rfe8 19. Qf2 a6 20. Rf1 g6 21.
Rce1 Bg7 22. Re2 Rc4 23. Rd1 Rd8 24. Bf3 Qd6 25. Red2 Qb4 26. Qe3 Qd6 27. Be2 Rcc8 28. Bf3 Rc7 29. Qf2 Qd7 30. Qg2 b5 31. axb5 axb5 32.
Na2 Qd6 33. Rc2 Rdc8 34. Rdc1 Kh7 35. Rxc7 Rxc7 36. Qd2 Rc4 37. Rxc4 dxc4 38. d5 Bf5 39. Nb4 Bd3 40. Nxd3 cxd3 41. Qxd3 b4 42. b3 Qc5+ 43. Kg2 Bc3 44. d6 Bf6 45. d7 Bd8 46. Bd5 Qe7 47.
Bc4 Bb6 48. Qd5 Kg7 49. Qe5+ Qxe5 50. fxe5 Kf8 51. e6 fxe6 52. Bxe6 Ke7 53. Bh3 g5 54. Kf3 h5 55. Bg2 Bc7 56. Ke4 h4 57. gxh4 gxh4 58.
h3 Kd8 59. Kf5 Bg3 60. Bc6 Be1 61. Bb5 Bg3 62. Ke6 Be1 63. Kd5 Bg3 64. Kc4 Be1 65. Bc6 Bc3 66. Bb5 Be1 67. Kd5 Bc3 68. Ke6 Be1 69. Kd5 1/2-1/2

[Event "Early-Titled-Tuesday-Blitz-March-26-2024"]
[Site "Chess.com"]
[Date "2024.03.26"]
[Round "8"]
[White "jcibarra"]
[Black "crescentmoon2411"]
[Result "1-0"]
[WhiteElo "3011"]
[BlackElo "2888"]
[TimeControl "180+1"]
[EndTime "9:26:13 PDT"]
[Termination "jcibarra won by resignation"]

1. e4 c5 2. Nf3 Nc6 3. Nc3 g6 4. d4 cxd4 5. Nxd4 Bg7 6. Be3 Nf6 7. Bc4 O-O 8. Bb3 a5 9. O-O a4 10. Nxa4 Nxe4 11. Nb5 d6 12. Qe2 Nf6 13. c4 Bg4 14. f3 Be6 15. Rad1 Na5 16. Bb6 Qc8 17. Nc7 Nxb3 18.
axb3 Rb8 19. Rfe1 Bd7 20. Qxe7 Bxa4 21. bxa4 Nd7 22. Qxd6 Nxb6 23. Qxb6 Bxb2 24. Nd5 Ba3 25. Nf6+ Kg7 26. Nd7 Qxc4 27. Qf6+ Kg8 28. Nxb8 Rxb8 29.
Re4 Qc2 30. Rde1 Bf8 31. h4 h5 32. Re8 Rxe8 33. Rxe8 Qxa4 34. Qe7 Qa1+ 35. Kh2 Qg7 36. Rb8 b5 37. f4 Qh6 38. Kg3 Qg7 39. Kh2 Qh6 40. Qg5 Qxg5 41. hxg5 b4 42. Kg3 Kg7 43. Kf3 Bd6 44. Rb7 Kg8 45. g3 Kg7 46.
Ke4 Bc5 47. Kf3 Kg8 48. g4 hxg4+ 49. Kxg4 Kg7 50. Kf3 Bd6 51. Ke4 Bc5 52. Kd5 Bf8 53.
Kc6 Kg8 54. Rb5 f6 55. Rb7 fxg5 56. fxg5 b3 57. Kd5 b2 58. Rxb2 Be7 59. Rb8+ Kf7 60. Rb7 Kf8 61. Rxe7 Kxe7 62. Ke5 Kf7 63. Kd6 Kf8 64.
Ke6 1-0

[Event "Early-Titled-Tuesday-Blitz-March-26-2024"]
[Site "Chess.com"]
[Date "2024.03.26"]
[Round "8"]
[White "Slovineanu"]
[Black "nekotyanof"]
[Result "1-0"]
[WhiteElo "2543"]
[BlackElo "2675"]
[TimeControl "180+1"]
[EndTime "9:26:13 PDT"]
[Termination "Slovineanu won by resignation"]

1. d4 Nf6 2. Nf3 g6 3. Nbd2 d5 4. e3 Bg7 5. b4 a5 6. b5 c5 7. dxc5 Ne4 8. Ba3 O-O 9. c4 Bc3 10. Rc1 Bg4 11. Rxc3 Nxc3 12. Qb3 Ne4 13. cxd5 Bxf3 14.
Nxf3 Nd7 15. c6 bxc6 16. dxc6 Ndc5 17. Qc4 Qd6 18. Be2 Qe6 19. O-O Qxc4 20. Bxc4 Rfd8 21. b6 Rac8 22. c7 Rd6 23. Rb1 Rf6 24. h4 Nd7 25. Ba6 Rxb6 26. Rxb6 Nxb6 27. Bxc8 Nxc8 28. Nd4 Nc3 29. Nc6 Nd5 30. Nxa5 Nxc7 31. Nc6 e6 32.
Ne7+ Nxe7 33. Bxe7 Nd5 34. Bc5 Nc3 35. a3 f6 36. Bb4 Na4 37. e4 Kf7 38. f3 f5 39. Kf2 e5 40. Ke3 Ke6 41. Kd3 h6 42. Kc4 g5 43. h5 g4 44. fxg4 fxe4 45. Bf8 Nb6+ 46. Kb3 e3 47. Kc2 Kd5 48. Kd3 Nc4 49. a4 e4+ 50. Ke2 Ne5 51. Bxh6 Nxg4 52. Bxe3 Kc4 53.
h6 Nf6 54. g4 Kd5 55. g5 Nh7 56. a5 Nf8 57. a6 Kc6 58. Bd4 Kd5 59.
a7 Kxd4 60. a8=Q Ne6 61. Qa4+ Ke5 62. Qb5+ Kf4 63. Qb8+ Kxg5 64. h7 Nf4+ 65. Ke3 Ng6 66. h8=Q Nxh8 67. Qxh8 1-0

[Event "Early-Titled-Tuesday-Blitz-March-26-2024"]
[Site "Chess.com"]
[Date "2024.03.26"]
[Round "8"]
[White "a-z30"]
[Black "TatjanaVasilevich"]
[Result "1-0"]
[WhiteElo "2453"]
[BlackElo "2594"]
[TimeControl "180+1"]
[EndTime "9:26:13 PDT"]
[Termination "a-z30 won on time"]

1. d3 d5 2. Nf3 Nf6 3. g3 b5 4. Bg2 Bb7 5. O-O e6 6. c4 b4 7. b3 Nbd7 8. Bb2 a5 9. e4 dxe4 10. Ng5 Nc5 11. dxe4 h6 12. e5 Bxg2 13. Kxg2 hxg5 14. exf6 g6 15. Qf3 Bd6 16. Nd2 a4 17.
Bd4 Nd7 18. c5 Bxc5 19. Bxc5 Nxc5 20. Qc6+ Nd7 21. Ne4 axb3 22. axb3 O-O 23. Rad1 Ne5 24. Qc5 Qc8 25. Qxe5 Qb7 26. Rde1 Rfd8 27. Qxg5 Kf8 28. Qh6+ Ke8 29. Kg1 Rd5 30. Ng5 Kd7 31. Nxf7 Kc6 32.
Ne5+ Kb5 33. Qxg6 c5 34. Qe4 Rh8 35. f7 Qe7 36. Ng6 Qxf7 37. Nxh8 Qg7 38. Qxe6 Rd4 39. Qe2+ Kb6 40. Qe8 c4 41. bxc4 b3 42. Qb5+ Kc7 43. Qxb3 Qxh8 44. Qe3 Rd7 45. Qe5+ Qxe5 46. Rxe5 Kc6 47.
Re3 Kc5 48. Rf3 Kxc4 49. Kg2 Rh7 50. h4 Kd4 51. Rh1 Ke4 52. Rh2 Rh5 53. Rh3 Rh7 54. h5 Rh6 55. Rh4+ Ke5 56. Rff4 Ke6 57. Kf3 Ke5 58. Kg4 Rb6 59. Kf3 Rb3+ 60. Kg2 Rb6 61.
h6 Rb8 62. h7 Rh8 63. Rfg4 Kf6 64. Rg8 Rxh7 65. Rxh7 1-0

[Event "Early-Titled-Tuesday-Blitz-March-26-2024"]
[Site "Chess.com"]
[Date "2024.03.26"]
[Round "8"]
[White "Gorbaev"]
[Black "RianKapriaga"]
[Result "0-1"]
[WhiteElo "2483"]
[BlackElo "2355"]
[TimeControl "180+1"]
[EndTime "9:26:16 PDT"]
[Termination "RianKapriaga won on time"]

1. Nf3 Nf6 2. c4 e6 3. Nc3 d5 4.
e3 Be7 5. b3 O-O 6. Bb2 c5 7.
cxd5 exd5 8. d4 Nc6 9. Be2 Bg4 10. O-O Bxf3 11. Bxf3 cxd4 12. exd4 Bb4 13. a3 Bxc3 14. Bxc3 Rc8 15. Bb2 Re8 16. Re1 Qb6 17. Rc1 Rxe1+ 18. Qxe1 Qxb3 19. Qe2 Re8 20. Qd2 h6 21. h3 Ne4 22.
Qc2 Qxc2 23. Rxc2 Nf6 24. Rc5 Re1+ 25. Kh2 Rb1 26. Bc3 Rb3 27. a4 Kf8 28. a5 a6 29.
Bd1 Rb5 30. Rxb5 axb5 31. f3 b4 32. Bd2 Ke7 33. Ba4 Nxd4 34. Bxb4+ Ke6 35. Kg3 Nd7 36. Kf2 Nb8 37. Ke3 Ndc6 38. Be1 Na6 39. Bb3 Nc5 40. Ba2 f6 41. g4 Kd6 42. Bc3 Ke6 43.
f4 Kd6 44. h4 Ne4 45. Be1 Nc5 46. Bc3 Ne4 47. Bb2 Nc5 48. g5 hxg5 49. hxg5 Nd7 50. gxf6 gxf6 51. Bc3 Ke6 52. Bb3 Kd6 53. Ba4 Nc5 54.
Bb5 Nd7 55. Kf3 d4 0-1

[Event "Early-Titled-Tuesday-Blitz-March-26-2024"]
[Site "Chess.com"]
[Date "2024.03.26"]
[Round "8"]
[White "GiorgianBarbosa"]
[Black "GMJustin"]
[Result "0-1"]
[WhiteElo "2499"]
[BlackElo "2370"]
[TimeControl "180+1"]
[EndTime "9:26:17 PDT"]
[Termination "GMJustin won by checkmate"]

1. c3 Nf6 2. d4 e6 3. Nf3 b6 4. Bf4 Bb7 5. e3 Be7 6. Bd3 O-O 7. Nbd2 Nh5 8. Ng5 Nxf4 9. Bxh7+ Kh8 10. exf4 Bxg5 11.
fxg5 Kxh7 12. Qg4 Rh8 13. h4 Kg8 14. h5 f5 15. Qg3 Nc6 16. f4 Ne7 17. O-O-O Qe8 18. g6 Rh6 19. Nf3 Bxf3 20. Qxf3 Nd5 21. g4 fxg4 22. Qe4 Qf8 23. c4 Qxf4+ 24. Qxf4 Nxf4 25.
Rh4 Rxh5 26. Rxg4 Rf8 27. Rd2 Rf6 28. Kc2 Nxg6 29. Rdg2 Kf7 30. Kb3 Rh3+ 31. Kb4 Rhf3 32. b3 R3f4 33. Rg5 Rxd4 34. R5g3 a6 35. Kc3 c5 36.
Kb2 Rdf4 37. Ka3 Rf2 38. Rxg6 Rxg2 39. Rxg2 e5 40. Rd2 Ke6 41. Rg2 e4 42. Rxg7 e3 43.
Rg3 e2 44. Re3+ Kd6 45. Rxe2 Kc6 46. Rd2 b5 47. Kb2 Rf4 48. Kc3 d6 49. Rh2 Rg4 50.
Rf2 Rg3+ 51. Kb2 Rd3 52. Kc2 Rd4 53. Kc3 Kb6 54. Rf6 Ka5 55. a3 bxc4 56. b4+ Kb5 57. a4+ Kc6 58. bxc5 Kxc5 59. Rf8 Rd3+ 60. Kc2 d5 61.
Ra8 Kb6 62. Rd8 Ka5 63. Rd6 d4 64. Kc1 Rc3+ 65. Kb2 Rb3+ 66. Ka2 d3 67. Rd4 Kb4 68. a5 Kc3 69. Rd6 d2 70. Rd8 Rb2+ 71. Ka1 Rc2 72. Kb1 Rc1+ 73. Ka2 d1=Q 74. Rxd1 Rxd1 75. Ka3 Ra1# 0-1

[Event "Early-Titled-Tuesday-Blitz-March-26-2024"]
[Site "Chess.com"]
[Date "2024.03.26"]
[Round "8"]
[White "Manukyan_Artak"]
[Black "GMKrikor"]
[Result "1/2-1/2"]
[WhiteElo "2468"]
[BlackElo "2869"]
[TimeControl "180+1"]
[EndTime "9:26:18 PDT"]
[Termination "Game drawn - insufficient material"]

1. e4 c5 2. Nf3 Nc6 3. c3 Nf6 4. e5 Nd5 5. d4 cxd4 6. cxd4 d6 7. Nc3 Nxc3 8. bxc3 e6 9. Bd3 dxe5 10.
dxe5 Be7 11. O-O O-O 12. Qe2 Qa5 13. Bg5 Bxg5 14. Nxg5 h6 15. Nf3 Rd8 16. Qe4 g6 17. h4 Qd5 18. Qxd5 Rxd5 19. Be4 Rc5 20. Bxc6 Rxc6 21.
Rac1 Bd7 22. Rfd1 Rc7 23. Nd4 Rac8 24. Rd3 Kf8 25. h5 g5 26. g3 g4 27. f4 gxf3 28.
Rxf3 Ke7 29. Rcf1 Rf8 30. Re3 Rg8 31. Ref3 Be8 32. Kh2 Rg5 33. g4 Rxg4 34. Kh3 Rg5 35. Kh4 Rxe5 36. Rf6 Rxc3 37. R1f4 Rd5 38. Rxh6 Rc4 39.
Ne2 Rxf4+ 40. Nxf4 Rd4 41. Kg3 Bc6 42. Rh8 Kf6 43.
h6 Ra4 44. Rg8 Ra3+ 45. Kf2 Be4 46. Nh5+ Ke5 47. Rg5+ Kd6 48. Nf6 Bb1 49. h7 Bxh7 50. Nxh7 Rxa2+ 51. Ke3 a5 52. Rg7 f5 53. Ng5 b5 54. Rg6 Kd5 55. Nxe6 Ra3+ 56. Kd2 Kc4 57. Rf6 Ra2+ 58. Kc1 Rf2 59. Ng7 f4 60. Nh5 f3 61.
Ng3 Kb3 62. Ne4 Rc2+ 63. Kd1 Rc8 64. Rxf3+ Kb2 65. Rd3 b4 66. Nd2 Ka2 67. Ne4 a4 68.
Rd2+ Ka3 69. Nd6 Rc6 70. Nb5+ Kb3 71. Nd4+ Kc3 72. Nxc6 b3 73. Kc1 a3 74. Nd4 b2+ 75.
Rxb2 axb2+ 76. Kb1 Kxd4 77. Kxb2 1/2-1/2

[Event "Early-Titled-Tuesday-Blitz-March-26-2024"]
[Site "Chess.com"]
[Date "2024.03.26"]
[Round "8"]
[White "arnash_bauyrzhan"]
[Black "venturov"]
[Result "1/2-1/2"]
[WhiteElo "2376"]
[BlackElo "2517"]
[TimeControl "180+1"]
[EndTime "9:26:20 PDT"]
[Termination "Game drawn - insufficient material"]

1. e4 Nf6 2. e5 Nd5 3. d4 d6 4. Nf3 dxe5 5. Nxe5 c6 6. Be2 Bf5 7. O-O Nd7 8. Nf3 e6 9. c4 N5f6 10. Nc3 Bd6 11. h3 h6 12. Bd3 Bxd3 13. Qxd3 O-O 14. Be3 Qc7 15. Rad1 a6 16. Qe2 Rfd8 17. b3 c5 18. Rfe1 cxd4 19. Nxd4 Bf4 20. Qf3 Bxe3 21. Rxe3 Rac8 22. Qe2 Qa5 23. Ne4 Nxe4 24. Rxe4 Nf6 25.
Re5 Rc5 26. Rxc5 Qxc5 27. Nf3 Rxd1+ 28. Qxd1 Ne4 29. Qd8+ Kh7 30. Qd4 Qf5 31. Qe5 Qxe5 32.
Nxe5 f6 33. Nd7 Kg6 34. a3 Kf7 35. f3 Nd6 36. Nc5 Ke7 37. Kf2 a5 38. Ke3 b6 39.
Nd3 Kd7 40. Nf4 a4 41. bxa4 Nxc4+ 42. Kd3 Nxa3 43. Nh5 b5 44. a5 Nc4 45. a6 Kc6 46.
Nxg7 Kb6 47. Nxe6 Kxa6 48. Nc5+ Kb6 49. Ne4 f5 50. Nf6 Kc5 51. Ng8 h5 52. Nh6 Nd6 53.
g4 hxg4 54. hxg4 fxg4 55. Nxg4 Kd5 56. Ne3+ Ke5 57. Nc2 Kf4 58. Nd4 b4 59. Nc6 b3 60.
Kc3 Kxf3 61. Kxb3 1/2-1/2

[Event "Early-Titled-Tuesday-Blitz-March-26-2024"]
[Site "Chess.com"]
[Date "2024.03.26"]
[Round "8"]
[White "Winner_7777"]
[Black "GMG"]
[Result "0-1"]
[WhiteElo "2590"]
[BlackElo "2783"]
[TimeControl "180+1"]
[EndTime "9:26:22 PDT"]
[Termination "GMG won on time"]

1. d4 d5 2. c4 e6 3. Nc3 a6 4.
cxd5 exd5 5. Bf4 Nf6 6. e3 Bd6 7. Bxd6 Qxd6 8. Bd3 Bg4 9. Nf3 Nbd7 10. h3 Bh5 11.
O-O O-O 12. Rb1 a5 13. a3 c6 14. b4 b5 15. Qc2 Bxf3 16. gxf3 Nb6 17. Kh1 Nc4 18. Bxc4 bxc4 19. b5 Qxa3 20. bxc6 Qd6 21. Qa4 Ra6 22. Ra1 Rfa8 23. Rfb1 Rxc6 24. Rb5 Rca6 25.
Rc5 h6 26. Qb5 Qe6 27. Kh2 Rb6 28. Qa4 Rb3 29. Nb5 Qf5 30. Kg2 Qg5+ 31. Kh2 Rb2 32. Ra2 Rb4 33. Qd1 a4 34. Nc7 Ra7 35. Nb5 Ra5 36. Nd6 Rxc5 37. dxc5 Qe5+ 38. f4 Qe7 39. Rxa4 Rb2 40. Ra8+ Kh7 41. Kg2 Ne4 42. Nxe4 Qxe4+ 43.
Qf3 c3 44. Qxe4+ dxe4 45. Ra3 c2 46. Rc3 Kg6 47. c6 Rb8 48. c7 Rc8 49. Rxc2 Kf6 50. Rc5 Ke6 51. Kg3 Kd6 52. Re5 f6 53. Rxe4 Rxc7 54.
Rd4+ Ke6 55. Kg4 Rc5 56. Kf3 h5 57. h4 Rc2 0-1